 Dungeon Crawl Stone Soup version 0.30-a0-34-gbe8da3892a (webtiles) character file.

Game seed: 4948346685718246450

653 ytrimaz the Changer (level 7, -6/51 HPs)
             Began as an Octopode Transmuter on Aug 28, 2022.
             Killed by nerve-wracking pain
             ... invoked by Grinder
              (12 damage)
             ... on level 4 of the Dungeon.
             The game lasted 00:03:34 (4240 turns).

ytrimaz the Changer (Octopode Transmuter)           Turns: 4240, Time: 00:03:34

Health: -6/51      AC:  7    Str:  9    XL:     7   Next: 54%
Magic:  9/12       EV: 10    Int: 17    God:
Gold:   114        SH:  0    Dex: 13    Spells: 3/13 levels left

rFire   . . .      SeeInvis .      - Unarmed
rCold   + + +      Faith    .    (shield currently unavailable)
rNeg    . . .      Spirit   .    (helmet currently unavailable)
rPois   +          Reflect  .    (no amulet)
rElec   +          Harm     .    (no ring)
rCorr   +          Rampage  .    (no ring)
Will    .....                    (no ring)
Stlth   +.........               (no ring)
HPRegen 0.17/turn                (no ring)
MPRegen 0.13/turn                (no ring)
                                 (no ring)
                                 (no ring)

@: brilliant, about to teleport, ice-form, resistant
A: freezing attack, boosted hp, almost no armour, amphibious, 8 rings, large,
(camouflage 1), (gelatinous body 1), (nimble swimmer 1), (tentacles)
a: End Transformation


You were on level 4 of the Dungeon.
You were a creature of crystalline ice.
You visited 1 branch of the dungeon, and saw 4 of its levels.

You collected 114 gold pieces.

Inventory:

Wands
 h - a wand of paralysis (7)
Scrolls
 c - a scroll of amnesia
 d - 2 scrolls of fear
 g - 2 scrolls of teleportation
Potions
 e - a potion of magic
 f - a potion of ambrosia


   Skills:
 - Level 1.0 Fighting
 - Level 2.0 Dodging
 - Level 4.1 Unarmed Combat
 + Level 3.9 Spellcasting
 + Level 4.2 Transmutations
 * Level 3.2 Ice Magic
 - Level 4.0 Poison Magic


You had 3 spell levels left.
You knew the following spells:

 Your Spells              Type           Power      Damage    Failure   Level
a - Beastly Appendage     Tmut           52%        N/A       2%          1
b - Wereblood             Tmut           26%        N/A       4%          2
c - Spider Form           Tmut/Pois      26%        N/A       9%          3
d - Ice Form              Ice/Tmut       24%        N/A       32%         4

Your spell library contained the following spells:

 Spells                   Type           Power      Damage    Failure   Level
 Passwall                 Tmut/Erth      12%        N/A       10%         2
 Ensorcelled Hibernation  Hex/Ice        26%        N/A       12%         2
 Apportation              Tloc           10%        N/A       16%         1
 Necrotise                Necr           20%        1d5       16%         1
 Summon Small Mammal      Summ           20%        N/A       16%         1
 Blink                    Tloc           10%        N/A       24%         2
 Gell's Gravitas          Tloc           5%         N/A       43%         3
 Lesser Beckoning         Tloc           5%         N/A       43%         3
 Swiftness                Air            5%         N/A       43%         3
 Teleport Other           Tloc           5%         N/A       43%         3
 Freezing Cloud           Conj/Ice/Air   5%         6-21      95%         5
 Manifold Assault         Tloc           5%         N/A       99%         5
 Simulacrum               Ice/Necr       6%         N/A       100%        6
 Polar Vortex             Ice            10%        N/A       100%        9


Dungeon Overview and Level Annotations

Branches:
Dungeon (4/15)
 Temple: D:4-7

Altars:
Dithmenos
Kikubaaqudgha
Okawaru
Xom

Annotations:
D:4 Grinder


Innate Abilities, Weirdness & Mutations

You are a creature of crystalline ice.
You have a powerful freezing melee attack.
Your maximum health is increased.
Your armour is entirely melded.
You are incapable of wielding weapons or throwing items.
You cannot wear most types of armour.
You are amphibious.
You can wear up to eight rings at the same time.
((Your skin changes colour to match your surroundings (Stealth+).))
((Your rubbery body absorbs attacks. (AC +1, EV +1)))
((You are camouflaged when in or above water. (Stealth+)))
((You have tentacles for arms and can constrict up to eight enemies at once.))


Message History

You punch Grinder!
Grinder is moderately wounded.
Grinder hits you but does no damage.
You punch Grinder! You freeze Grinder.
Grinder is heavily wounded.
Grinder gestures at you.
You suddenly lose the ability to move!
Grinder hits you!
You writhe in agony.
Grinder drinks a potion.
Grinder is healed!
The kobold hits you but does no damage. Grinder hits you.
* * * LOW HITPOINT WARNING * * *
You writhe in agony.
* * * LOW HITPOINT WARNING * * *
The kobold hits you but does no damage.
You can move again.
You barely miss Grinder.
Grinder is moderately wounded.
The kobold closely misses you. Grinder barely misses you.
You hit Grinder.
Grinder is moderately wounded.
Grinder completely misses you.
The kobold hits you with a +0 short sword of holy wrath.
* * * LOW HITPOINT WARNING * * *
Unknown command.
As you read the scroll of teleportation, it crumbles to dust.
You feel strangely unstable. The kobold closely misses you. Grinder hits you.
* * * LOW HITPOINT WARNING * * *
Unknown command.
You feel better. The kobold hits you but does no damage.
Grinder hits you but does no damage.
Okay, then.
You punch Grinder!
Grinder is severely wounded.
Unknown command.
You punch Grinder!
Grinder is almost dead.
Grinder gestures at you. Pain shoots through your body!
You die...

.....# ....# ....# ...#
.. ...# .. #..# ..
####5.# .# .###..#Y.#
#.# ...?.hK..# #^#
##.......# ##.#####..
...?..#..# #.....<..#
#........###..####..###
#######
#..##.....)...#.......
......# #..
#.#...##..#.##..#
.#.##.# #.
......#.#........#..
.#.##.#
#...#.#.##...........


You could see Grinder, a black bear and a kobold.

Vanquished Creatures
  A black bear (D:4)
  An ice beast (D:4)
  A phantom (D:4)
  2 scorpions
  An orc priest (D:4)
  2 hounds (D:4)
  An orc wizard (D:4)
  3 gnolls (D:4)
  6 adders
  3 worms
  3 dart slugs
  6 orcs (D:4)
  6 endoplasms
  2 giant cockroaches
  6 goblins
  5 hobgoblins
  4 quokkas
  4 ball pythons
  2 bats
  4 frilled lizards
  9 kobolds
  4 rats
76 creatures vanquished.

Vanquished Creatures (others)
  A plant (D:3)
1 creature vanquished.

Grand Total: 77 creatures vanquished

Notes
Turn   | Place    | Note
-------+----------+-------------------------------------------
     0 | D:1      | ytrimaz the Octopode Transmuter began the quest for the
                  | Orb.
     0 | D:1      | Reached XP level 1. HP: 13/13 MP: 3/3
   222 | D:1      | Reached XP level 2. HP: 12/18 MP: 3/5
   834 | D:1      | Reached XP level 3. HP: 23/23 MP: 6/6
   837 | D:1      | Learned a level 2 spell: Wereblood
   841 | D:1      | Learned a level 3 spell: Spider Form
  1595 | D:2      | Found a faded altar of an unknown god.
  1632 | D:2      | Reached skill level 1 in Poison Magic
  2583 | D:3      | Noticed a scorpion
  2592 | D:3      | Killed a scorpion
  2593 | D:3      | Reached XP level 4. HP: 28/28 MP: 0/7
  2676 | D:3      | Found a shadowy altar of Dithmenos.
  2679 | D:3      | Found an ancient bone altar of Kikubaaqudgha.
  2683 | D:3      | Reached XP level 5. HP: 33/33 MP: 8/8
  2686 | D:3      | Found a shimmering altar of Xom.
  3539 | D:4      | Reached XP level 6. HP: 29/38 MP: 8/10
  3670 | D:4      | Found an iron altar of Okawaru.
  3708 | D:4      | Learned a level 4 spell: Ice Form
  3848 | D:4      | Noticed an ice beast
  3876 | D:4      | Reached skill level 1 in Ice Magic
  3885 | D:4      | Killed an ice beast
  3886 | D:4      | Reached XP level 7. HP: 43/43 MP: 12/12
  4210 | D:4      | Noticed Grinder
  4231 | D:4      | Paralysed by Grinder for 3 turns
  4237 | D:4      | HP: 1/51 [Grinder (6)]
  4240 | D:4      | Killed from afar by Grinder

Illustrated notes

Levels and vault maps discovered:
D:1:      lemuel_arrival_lava_pool, layout_basic
D:2:      layout_basic, shapermc_ecumenical_altar_notcrosses
D:3:      layout_loops_ring, gammafunk_temple_overflow_forgotten,
          hangedman_feature_mirror, minmay_tree_intersection
D:4:      kennysheep_six_static_rooms, layout_loops_cross,
          mainiacjoe_overflow_24_doors, uniq_grinder

Skill      XL: |  1  2  3  4  5  6  7 |
---------------+----------------------+-----
Unarmed Combat | 4 |  4.1
Poison Magic   | 2 4 |  4.0
Spellcasting   | 3 |  3.9
Transmutations | 3 4 |  4.2
Ice Magic      | 2 3 |  3.2
Fighting       | |  1.0
Dodging        | |  2.0

Action                   |  1- 3 |  4- 6 |  7- 9 || total
-------------------------+-------+-------+-------++-------
Melee: Unarmed           |    72 |    88 |    45 ||   205
       Kick              |    15 |    13 |     3 ||    31
       Constrict         |    14 |    12 |     4 ||    30
       Tentacles         |     8 |    11 |     2 ||    21
       Punch             |       |     4 |     1 ||     5
 Cast: Beastly Appendage |    15 |    11 |     4 ||    30
       Spider Form       |     1 |     2 |     3 ||     6
       Ice Form          |       |       |     1 ||     1
       Wereblood         |       |       |     1 ||     1
  Use: Scroll            |     5 |     3 |     1 ||     9
       Potion            |     1 |     5 |     4 ||    10
 Stab: Sleeping          |    11 |     4 |       ||    15
       Distracted        |       |     1 |       ||     1
Armor: Skin              |     5 |    59 |     9 ||    73
Dodge: Dodged            |    43 |    55 |    45 ||   143

Table legend: (Time is in decaauts)
 A = Elapsed time spent in this place.
 B = Non-inter-level travel time spent in this place.
 C = Inter-level travel time spent in this place.
 D = Time resting spent in this place.
 E = Time spent auto-exploring this place.
 F = Levels seen in this place.
 G = Mean time per level.
                   A        B        C        D        E       F      G
               +--------+--------+--------+--------+--------+-----+--------+
         Total |   4224 |   4147 |     77 |    268 |   3219 |   4 | 1056.0 |
       Dungeon |   4224 |   4147 |     77 |    268 |   3219 |   4 | 1056.0 |
               +--------+--------+--------+--------+--------+-----+--------+

Top non-repeatable levels by time:
     D:2: 1234 daAuts
     D:3: 1179 daAuts
     D:4: 910 daAuts
     D:1: 900 daAuts
